TOP OF THE 1ST |
Texarkana Bears batting - Pitching for Mile High Broncos : RHP Dan Bailey
|
Pitching: RHP Dan Bailey
|
|
Batting: LHB Guy Moss
|
0-0: Called Strike 0-1: Ball 1-1: Ball 2-1: Ball 3-1: Base on Balls
|
Batting: RHB Tony Reyes
|
0-0: Ball 1-0: SINGLE (Line Drive, 6MD) Guy Moss to second Throwing error, E8 Guy Moss scores Tony Reyes to second
|
Batting: RHB Billy Campbell
|
0-0: Ball 1-0: Called Strike 1-1: Ball 2-1: Ball 3-1: DOUBLE (Flyball, 78XD) Tony Reyes scores
|
Batting: RHB Michael Barraclough
|
0-0: SINGLE (Line Drive, 7S) Billy Campbell to third
|
Batting: LHB Sam Barnes
|
0-0: Ball Wild Pitch! Billy Campbell scores Michael Barraclough to second 1-0: Called Strike 1-1: Ball 2-1: Foul Ball, location: 2F 2-2: Strikes out swinging
|
Batting: LHB Tom Mullins
|
0-0: Called Strike 0-1: Ball 1-1: Ball 2-1: Foul Ball, location: 2F 2-2: Ball 3-2: Base on Balls
|
Batting: RHB Steve Garneys
|
0-0: SINGLE (Groundball, 56D) Michael Barraclough to third Tom Mullins to second Runner from 3rd tries for Home, SAFE, no throw
|
Batting: RHB Arturo Rodríguez
|
0-0: Ball 1-0: Called Strike 1-1: Ball 2-1: Ball 3-1: SINGLE (Line Drive, 56) Tom Mullins to third Steve Garneys to second
|
Batting: RHB Kun Liu
|
0-0: Ball 1-0: Foul Ball, location: 2F 1-1: Fly out, F6 (Popup, 6)
|
Batting: LHB Guy Moss
|
0-0: Foul Ball, location: 2F 0-1: DOUBLE (Flyball, 89XD) Tom Mullins scores Steve Garneys scores Arturo Rodríguez to third
|
Batting: RHB Tony Reyes
|
0-0: Called Strike 0-1: Ball 1-1: Called Strike 1-2: SINGLE (Flyball, 6MD) Arturo Rodríguez scores Guy Moss to third Runner from 3rd tries for Home, SAFE, no throw
|
Batting: RHB Billy Campbell
|
0-0: Fly out, F9 (Flyball, 9S)
|
Top of the 1st over - 8 run(s), 7 hit(s), 1 error(s), 1 left on base; Texarkana 8 - Mile High 0 |
BOTTOM OF THE 1ST |
Mile High Broncos batting - Pitching for Texarkana Bears : RHP Joe Utter
|
Pitching: RHP Joe Utter
|
|
Batting: LHB Jesús González
|
0-0: Ball 1-0: Called Strike 1-1: Called Strike 1-2: Strikes out looking
|
Batting: RHB Evan Robinson
|
0-0: Ball 1-0: Swinging Strike 1-1: Foul Ball, location: 2F 1-2: Foul Ball, location: 2F 1-2: Strikes out swinging
|
Batting: LHB Mark Everett
|
0-0: Called Strike 0-1: Ball 1-1: Ball 2-1: Ball 3-1: Called Strike 3-2: Foul Ball, location: 2F 3-2: Base on Balls
|
Batting: RHB Rodney González
|
0-0: Called Strike 0-1: Ball 1-1: Called Strike 1-2: Ball 2-2: Fly out, F7 (Flyball, 7)
|
Bottom of the 1st over - 0 run(s), 0 hit(s), 0 error(s), 1 left on base; Texarkana 8 - Mile High 0 |
TOP OF THE 2ND |
Texarkana Bears batting - Pitching for Mile High Broncos : RHP Dan Bailey
|
Batting: RHB Michael Barraclough
|
0-0: Ball 1-0: Fly out, F8 (Flyball, 78S)
|
Batting: LHB Sam Barnes
|
0-0: SOLO HOME RUN (Flyball, 9D), Distance : 386 ft
|
Batting: LHB Tom Mullins
|
0-0: Ball 1-0: Ball 2-0: Swinging Strike 2-1: SINGLE (Groundball, 4D)
|
Batting: RHB Steve Garneys
|
0-0: Called Strike 0-1: Called Strike 0-2: Ball 1-2: Strikes out swinging
|
Batting: RHB Arturo Rodríguez
|
0-0: Fielders Choice at 2nd, 6-4 (Groundball, 6)
|
Top of the 2nd over - 1 run(s), 2 hit(s), 0 error(s), 0 left on base; Texarkana 9 - Mile High 0 |
BOTTOM OF THE 2ND |
Mile High Broncos batting - Pitching for Texarkana Bears : RHP Joe Utter
|
Batting: SHB Tom Stevens
|
0-0: Swinging Strike 0-1: Foul Ball, location: 2F 0-2: Strikes out swinging
|
Batting: RHB Edward Williams
|
0-0: Called Strike 0-1: Called Strike 0-2: Ball 1-2: Ball 2-2: Strikes out swinging
|
Batting: SHB Pedro Martínez
|
0-0: Ball 1-0: Ball 2-0: Called Strike 2-1: Ball 3-1: Foul Ball, location: 2F 3-2: Foul Ball, location: 2F 3-2: Foul Ball, location: 2F 3-2: Foul Ball, location: 2F 3-2: Foul Ball, location: 2F 3-2: Foul Ball, location: 2F 3-2: Base on Balls
|
Batting: SHB Paco Martínez
|
0-0: Called Strike 0-1: Ball 1-1: Foul Ball, location: 2F 1-2: Ball 2-2: Strikes out looking
|
Bottom of the 2nd over - 0 run(s), 0 hit(s), 0 error(s), 1 left on base; Texarkana 9 - Mile High 0 |
TOP OF THE 3RD |
Texarkana Bears batting - Pitching for Mile High Broncos : RHP Dan Bailey
|
Batting: RHB Kun Liu
|
0-0: Ball 1-0: Fly out, F8 (Flyball, 8RM)
|
Batting: LHB Guy Moss
|
0-0: Called Strike 0-1: Fly out, F8 (Flyball, 78M)
|
Batting: RHB Tony Reyes
|
0-0: Swinging Strike 0-1: Ball 1-1: Called Strike 1-2: Strikes out swinging
|
Top of the 3rd over - 0 run(s), 0 hit(s), 0 error(s), 0 left on base; Texarkana 9 - Mile High 0 |
BOTTOM OF THE 3RD |
Mile High Broncos batting - Pitching for Texarkana Bears : RHP Joe Utter
|
Batting: RHB José Darias
|
0-0: Ball 1-0: Foul Ball, location: 2F 1-1: Called Strike 1-2: Strikes out swinging
|
Batting: LHB Jesús González
|
0-0: Fly out, F9 (Flyball, 9S)
|
Batting: RHB Evan Robinson
|
0-0: Called Strike 0-1: DOUBLE (Groundball, 5L)
|
Batting: LHB Mark Everett
|
0-0: DOUBLE (Line Drive, 8LXD) Evan Robinson scores
|
Batting: RHB Rodney González
|
0-0: Ground out 4-3 (Groundball, 4)
|
Bottom of the 3rd over - 1 run(s), 2 hit(s), 0 error(s), 1 left on base; Texarkana 9 - Mile High 1 |
TOP OF THE 4TH |
Texarkana Bears batting - Pitching for Mile High Broncos : RHP Dan Bailey
|
Batting: RHB Billy Campbell
|
0-0: Ball 1-0: SINGLE (Groundball, 6MD)
|
Batting: RHB Michael Barraclough
|
0-0: Grounds into double play, 6-4-3 (Groundball, 6)
|
Batting: LHB Sam Barnes
|
0-0: Ball 1-0: Ball 2-0: Ball 3-0: Called Strike 3-1: Foul Ball, location: 2F 3-2: SINGLE (Line Drive, 4MD)
|
Batting: LHB Tom Mullins
|
0-0: Ball 1-0: Ball 2-0: Fly out, F4 (Popup, 4D)
|
Top of the 4th over - 0 run(s), 2 hit(s), 0 error(s), 1 left on base; Texarkana 9 - Mile High 1 |
BOTTOM OF THE 4TH |
Mile High Broncos batting - Pitching for Texarkana Bears : RHP Joe Utter
|
Batting: SHB Tom Stevens
|
0-0: Called Strike 0-1: Called Strike 0-2: Ball 1-2: Foul Ball, location: 2F 1-2: Fly out, F9 (Line Drive, 9)
|
Batting: RHB Edward Williams
|
0-0: Ball 1-0: Called Strike 1-1: SINGLE (Line Drive, 7LS)
|
Batting: SHB Pedro Martínez
|
0-0: Called Strike 0-1: Called Strike 0-2: Foul Ball, location: 2F 0-2: Ball 1-2: Foul Ball, location: 2F 1-2: Strikes out looking
|
Batting: SHB Paco Martínez
|
0-0: Ball 1-0: Foul Ball, location: 2F 1-1: Foul Ball, location: 2F 1-2: Fly out, F7 (Flyball, 7LS)
|
Bottom of the 4th over - 0 run(s), 1 hit(s), 0 error(s), 1 left on base; Texarkana 9 - Mile High 1 |
TOP OF THE 5TH |
Texarkana Bears batting - Pitching for Mile High Broncos : RHP Dan Bailey
|
Batting: RHB Steve Garneys
|
0-0: SINGLE (Flyball, 8LS)
|
Batting: RHB Arturo Rodríguez
|
0-0: Ball 1-0: Ball 2-0: Called Strike 2-1: Fly out, F8 (Flyball, 8RD)
|
Batting: RHB Kun Liu
|
0-0: Ball 1-0: Ball 2-0: Called Strike 2-1: SINGLE (Groundball, 56D) Steve Garneys to second
|
Batting: LHB Guy Moss
|
0-0: Foul Ball, location: 2F 0-1: Ball 1-1: Ball 2-1: Ball 3-1: Base on Balls Steve Garneys to third Kun Liu to second
|
Batting: RHB Tony Reyes
|
0-0: SINGLE (Flyball, 8RS) Steve Garneys scores Kun Liu to third Guy Moss to second Runner from 3rd tries for Home, SAFE, throw made home
|
Batting: RHB Billy Campbell
|
0-0: Swinging Strike 0-1: Ball 1-1: Called Strike 1-2: Strikes out swinging
|
Batting: RHB Michael Barraclough
|
0-0: Called Strike 0-1: Foul Ball, location: 2F 0-2: SINGLE (Groundball, 34) (infield hit) Guy Moss to third Tony Reyes to second
|
Batting: LHB Sam Barnes
|
0-0: Foul Ball, location: 2F 0-1: Called Strike 0-2: Foul Ball, location: 2F 0-2: Ball 1-2: DOUBLE (Flyball, 8LXD) Guy Moss scores Tony Reyes scores Michael Barraclough to third
|
Batting: LHB Tom Mullins
|
0-0: Ball 1-0: Ball 2-0: Ball 3-0: Base on Balls
|
Batting: RHB Steve Garneys
|
0-0: Called Strike 0-1: Foul Ball, location: 2F 0-2: Ball 1-2: Fly out, F8 (Flyball, 89M)
|
Top of the 5th over - 4 run(s), 5 hit(s), 0 error(s), 3 left on base; Texarkana 13 - Mile High 1 |
BOTTOM OF THE 5TH |
Mile High Broncos batting - Pitching for Texarkana Bears : RHP Joe Utter
|
Batting: RHB José Darias
|
0-0: Ground out U3 (Groundball, 34)
|
Batting: LHB Jesús González
|
0-0: Called Strike 0-1: Ball 1-1: Foul Ball, location: 2F 1-2: Ball 2-2: Fly out, F9 (Flyball, 9)
|
Batting: RHB Evan Robinson
|
0-0: Called Strike 0-1: DOUBLE (Line Drive, 7)
|
Batting: LHB Mark Everett
|
0-0: Reached on error, E3 (Groundball, 34) Evan Robinson to third
|
Batting: RHB Rodney González
|
0-0: Fly out, F8 (Flyball, 8LM)
|
Bottom of the 5th over - 0 run(s), 1 hit(s), 1 error(s), 2 left on base; Texarkana 13 - Mile High 1 |
TOP OF THE 6TH |
Texarkana Bears batting - Pitching for Mile High Broncos : RHP Dan Bailey
|
Batting: RHB Arturo Rodríguez
|
0-0: Ground out 6-3 (Groundball, 6)
|
Batting: RHB Kun Liu
|
0-0: Ball 1-0: Called Strike 1-1: Fly out, F9 (Flyball, 9LMF)
|
Batting: LHB Guy Moss
|
0-0: Foul Ball, location: 2F 0-1: Ball 1-1: Ball 2-1: Foul Ball, location: 2F 2-2: Ground out 6-3 (Groundball, 6)
|
Top of the 6th over - 0 run(s), 0 hit(s), 0 error(s), 0 left on base; Texarkana 13 - Mile High 1 |
BOTTOM OF THE 6TH |
Mile High Broncos batting - Pitching for Texarkana Bears : RHP Joe Utter
|
Batting: SHB Tom Stevens
|
0-0: Foul Ball, location: 2F 0-1: Swinging Strike 0-2: Ball 1-2: SINGLE (Line Drive, 9LS)
|
Batting: RHB Edward Williams
|
0-0: Ball 1-0: Foul Ball, location: 2F 1-1: Ball 2-1: Called Strike 2-2: Strikes out swinging
|
Batting: SHB Pedro Martínez
|
0-0: Ball Tom Stevens steals 2nd base 1-0: Fly out, F5 (Popup, 5L)
|
Batting: SHB Paco Martínez
|
0-0: Ball 1-0: SINGLE (Groundball, 6MD) Tom Stevens to third Runner from 3rd tries for Home, SAFE, no throw
|
Batting: RHB José Darias
|
0-0: Called Strike 0-1: Ball 1-1: Foul Ball, location: 2F 1-2: Ball 2-2: Ball 3-2: Foul Ball, location: 2F 3-2: Foul Ball, location: 2F 3-2: Foul Ball, location: 2F 3-2: Strikes out swinging
|
Bottom of the 6th over - 1 run(s), 2 hit(s), 0 error(s), 1 left on base; Texarkana 13 - Mile High 2 |
TOP OF THE 7TH |
Texarkana Bears batting - Pitching for Mile High Broncos : RHP Dan Bailey
|
Batting: RHB Tony Reyes
|
0-0: Called Strike 0-1: SINGLE (Groundball, 6MD)
|
Pitching: LHP Tony Báez
|
|
Batting: RHB Billy Campbell
|
0-0: Ball 1-0: Ball 2-0: Called Strike 2-1: Foul Ball, location: 2F 2-2: Ball 3-2: Base on Balls Tony Reyes to second
|
Batting: RHB Michael Barraclough
|
0-0: Called Strike 0-1: Called Strike 0-2: Ball 1-2: Fly out, F9 (Flyball, 9S)
|
Batting: LHB Sam Barnes
|
0-0: Called Strike Balk! Tony Reyes to third Billy Campbell to second 0-1: Called Strike 0-2: Fly out, F7 (Flyball, 7S)
|
Batting: LHB Tom Mullins
|
0-0: Called Strike 0-1: 3-RUN HOME RUN (Flyball, 9D), Distance : 402 ft
|
Batting: RHB Steve Garneys
|
0-0: Called Strike 0-1: Foul Ball, location: 2F 0-2: Strikes out looking
|
Top of the 7th over - 3 run(s), 2 hit(s), 0 error(s), 0 left on base; Texarkana 16 - Mile High 2 |
BOTTOM OF THE 7TH |
Mile High Broncos batting - Pitching for Texarkana Bears : RHP Joe Utter
|
Pitching: RHP Ángelo Gusmán
|
|
Batting: LHB Jesús González
|
0-0: Ball 1-0: Ball 2-0: Foul Ball, location: 2F 2-1: Called Strike 2-2: Ball 3-2: Foul Ball, location: 2F 3-2: Base on Balls
|
Batting: RHB Evan Robinson
|
0-0: Called Strike 0-1: Ball 1-1: SINGLE (Flyball, 7LS) Jesús González to second
|
Batting: LHB Mark Everett
|
0-0: Ball 1-0: Fly out, F7 (Flyball, 7S)
|
Batting: RHB Rodney González
|
0-0: Foul Ball, location: 2F 0-1: Called Strike 0-2: Foul Ball, location: 2F 0-2: Ball 1-2: Ball 2-2: SINGLE (Groundball, 6MD) Jesús González to third Evan Robinson to second Runner from 3rd tries for Home, SAFE, no throw
|
Batting: SHB Tom Stevens
|
0-0: Called Strike 0-1: Ball 1-1: Ball 2-1: Ball 3-1: Base on Balls Evan Robinson to third Rodney González to second
|
Batting: RHB Edward Williams
|
0-0: Grounds into double play, 5-4-3 (Groundball, 5)
|
Bottom of the 7th over - 1 run(s), 2 hit(s), 0 error(s), 2 left on base; Texarkana 16 - Mile High 3 |
TOP OF THE 8TH |
Texarkana Bears batting - Pitching for Mile High Broncos : LHP Tony Báez
|
Pinch Hitting: RHB Gilberto López
|
0-0: Ground out 6-3 (Groundball, 6)
|
Batting: RHB Kun Liu
|
0-0: Ball 1-0: Ball 2-0: Called Strike 2-1: Foul Ball, location: 2F 2-2: Strikes out swinging
|
Batting: LHB Guy Moss
|
0-0: Called Strike 0-1: Foul Ball, location: 2F 0-2: Ball 1-2: Foul Ball, location: 2F 1-2: Foul Ball, location: 2F 1-2: Fly out, F7 (Flyball, 7)
|
Top of the 8th over - 0 run(s), 0 hit(s), 0 error(s), 0 left on base; Texarkana 16 - Mile High 3 |
BOTTOM OF THE 8TH |
Mile High Broncos batting - Pitching for Texarkana Bears : RHP Ángelo Gusmán
|
Now at 3B: Franklin Lawrence
|
|
Batting: SHB Pedro Martínez
|
0-0: Called Strike 0-1: Called Strike 0-2: Strikes out swinging, 2-3 out at first.
|
Batting: SHB Paco Martínez
|
0-0: Called Strike 0-1: Fly out, F8 (Flyball, 8RS)
|
Batting: RHB José Darias
|
0-0: Called Strike 0-1: Foul Ball, location: 2F 0-2: Ball 1-2: Foul Ball, location: 2F 1-2: Strikes out swinging
|
Bottom of the 8th over - 0 run(s), 0 hit(s), 0 error(s), 0 left on base; Texarkana 16 - Mile High 3 |
TOP OF THE 9TH |
Texarkana Bears batting - Pitching for Mile High Broncos : LHP Tony Báez
|
Batting: RHB Tony Reyes
|
0-0: Ball 1-0: Ball 2-0: Foul Ball, location: 2F 2-1: Ball 3-1: Base on Balls
|
Batting: RHB Billy Campbell
|
0-0: 2-RUN HOME RUN (Flyball, 78XD), Distance : 428 ft
|
Batting: RHB Michael Barraclough
|
0-0: Ball 1-0: Ball 2-0: Ball 3-0: Base on Balls
|
Batting: LHB Sam Barnes
|
0-0: Called Strike 0-1: Swinging Strike 0-2: Strikes out swinging
|
Batting: LHB Tom Mullins
|
0-0: Hit by Pitch Michael Barraclough to second
|
Batting: RHB Steve Garneys
|
0-0: Called Strike 0-1: Grounds into double play, 6-4-3 (Groundball, 6)
|
Top of the 9th over - 2 run(s), 1 hit(s), 0 error(s), 1 left on base; Texarkana 18 - Mile High 3 |
BOTTOM OF THE 9TH |
Mile High Broncos batting - Pitching for Texarkana Bears : RHP Ángelo Gusmán
|
Now at C: Alberto Medine
|
|
Pinch Hitting: RHB Su-kweon Yu
|
0-0: Called Strike 0-1: Swinging Strike 0-2: Foul Ball, location: 2F 0-2: Ground out 4-3 (Groundball, 4MD)
|
Batting: RHB Evan Robinson
|
0-0: Called Strike 0-1: Ball 1-1: Foul Ball, location: 2F 1-2: Ground out 6-3 (Groundball, 6)
|
Batting: LHB Mark Everett
|
0-0: Called Strike 0-1: Called Strike 0-2: Ball 1-2: DOUBLE (Line Drive, 78XD)
|
Batting: RHB Rodney González
|
0-0: Foul Ball, location: 2F 0-1: Foul Ball, location: 2F 0-2: Ball 1-2: Ground out 1-3 (Groundball, 15S)
|
Bottom of the 9th over - 0 run(s), 1 hit(s), 0 error(s), 1 left on base; Texarkana 18 - Mile High 3 |
|